 Dungeon Crawl Stone Soup version 0.23.1 (webtiles) character file.

Game seed: 2151234113237634931

221 tatocazan the Magician (level 5, 0/28 HPs)
             Began as a Deep Elf Fire Elementalist on Mar 3, 2019.
             Slain by a scorpion (6 damage)
             ... on level 4 of the Dungeon.
             The game lasted 00:06:26 (3101 turns).

tatocazan the Magician (Deep Elf Fire Elementalist) Turns: 3101, Time: 00:06:27

Health: 0/28       AC:  3    Str:  9    XL:     5   Next: 65%
Magic:  10/13      EV: 14    Int: 21    God:
Gold:   112        SH:  0    Dex: 15    Spells: 6/12 levels left

rFire    . . .     SeeInvis .   r - +3 hand axe
rCold    . . .     Gourm    .   (no shield)
rNeg     . . .     Faith    +   a - +0 robe
rPois    .         Spirit   .   b - +0 helmet
rElec    .         Reflect  .   (no cloak)
rCorr    .         Harm     .   (no gloves)
MR       .....                  (no boots)
Stlth    +++.......             v - amulet of faith
HPRegen  0.09/turn              h - +4 ring of strength
MPRegen  0.13/turn              (no ring)

@: lethally poisoned (0 -> -12), very slightly contaminated
A: no striking features
a: no special abilities


You were on level 4 of the Dungeon.
You were hungry.

You visited 1 branch of the dungeon, and saw 4 of its levels.

You collected 112 gold pieces.

Inventory:

Hand Weapons
 r - a +3 hand axe (weapon)
Missiles
 q - 3 javelins (quivered)
Armour
 a - a +0 robe (worn)
 b - a +0 helmet (worn)
Jewellery
 h - a +4 ring of strength (left hand)
 v - an amulet of faith (around neck)
Scrolls
 f - 2 scrolls of noise {unknown}
 i - 3 scrolls of random uselessness {unknown}
 k - 2 scrolls of blinking {unknown}
 l - 2 scrolls of fog {unknown}
 n - 6 scrolls of identify {unknown}
 o - 2 scrolls of teleportation {unknown}
 p - a scroll of enchant armour {unknown}
 t - a scroll of immolation {unknown}
 u - a scroll of remove curse {unknown}
Potions
 d - a potion of brilliance {unknown}
 e - 2 potions of flight {unknown}
 g - 2 potions of heal wounds {unknown}
 j - a potion of agility {unknown}
 m - a potion of might {unknown}
 s - a potion of curing
Comestibles
 c - a ration


   Skills:
 + Level 3.8 Dodging
 + Level 4.1 Stealth
 + Level 4.4 Spellcasting
 + Level 2.9 Conjurations
 + Level 4.2 Fire Magic


You had 6 spell levels left.
You knew the following spells:

 Your Spells              Type           Power        Failure   Level  Hunger
a - Flame Tongue          Conj/Fire      ###..        2%          1    None
b - Throw Flame           Conj/Fire      ###...       4%          2    #......
c - Conjure Flame         Conj/Fire      ###.....     8%          3    ##.....

Your spell library contained the following spells:

 Spells                   Type           Power        Failure   Level  Hunger
 Inner Flame              Hex/Fire       ##......     14%         3    ##.....
 Sticky Flame             Conj/Fire      ###.....     26%         4    ####...
 Fireball                 Conj/Fire      ###.......   58%         5    ######.


Dungeon Overview and Level Annotations

Branches:
Dungeon (4/15)
 Temple: D:4-7

Altars:
Elyvilon


Message History

Press: ? - help, Shift-Dir - straight line, f/p - scorpion
Aim: a scorpion (severely wounded)
The flame tongue hits the scorpion but does no damage.
The scorpion is severely wounded.
The scorpion stings you.
* * * LOW HITPOINT WARNING * * *
You are lethally poisoned!
The scorpion poisons you!
You take 4 damage, and have 8/28 hp.
You now have 11/13 mp.
Casting: Flame Tongue (safe; 2% risk of failure)
Confirm with . or Enter, or press ? or * to list all spells.
Aiming: Flame Tongue (safe; 2% risk of failure)
Press: ? - help, Shift-Dir - straight line, f/p - scorpion
Aim: a scorpion (severely wounded)
You miscast Flame Tongue.
You are very lightly contaminated with residual magic.
Nothing appears to happen.
* * * LOW HITPOINT WARNING * * *
You feel sick. The scorpion stings you.
You die...

# . #. ... ..
.####.########.....
+.
...........@s......
#..
###.####.######.....
#..
+.#.................
#...#.#######.######
# #...#.###......#
................+
#####.###....#..#
#.# #....##.# #<#
#....# .#


You could see a scorpion.

Vanquished Creatures
  A hungry ghost (D:3)
  3 adders
  2 dart slugs (D:2)
  8 orcs (D:3)
  3 giant cockroaches (D:2)
  8 goblins
  2 hobgoblins
  4 kobolds
  A quokka (D:3)
  A ball python (D:3)
  6 bats
  2 frilled lizards
  5 rats
46 creatures vanquished.

Notes
Turn   | Place    | Note
-------+----------+-------------------------------------------
     0 | D:1      | tatocazan the Deep Elf Fire Elementalist began the quest
                  | for the Orb.
     0 | D:1      | Reached XP level 1. HP: 10/10 MP: 6/6
   547 | D:1      | Reached XP level 2. HP: 12/15 MP: 6/8
   598 | D:1      | Learned a level 2 spell: Throw Flame
  1031 | D:2      | Noticed a big kobold
  1033 | D:2      | Found a faded altar of an unknown god.
  1373 | D:2      | Reached XP level 3. HP: 18/19 MP: 3/9
  1399 | D:2      | Learned a level 3 spell: Conjure Flame
  1700 | D:2      | Found a white marble altar of Elyvilon.
  1971 | D:3      | Noticed a hungry ghost
  2004 | D:3      | Killed a hungry ghost
  2004 | D:3      | Reached XP level 4. HP: 11/24 MP: 4/12
  2004 | D:3      | Reached XP level 5. HP: 13/28 MP: 4/13
  3101 | D:4      | Slain by a scorpion

Skill      XL: |  1  2  3  4  5 |
---------------+----------------+-----
Stealth        | 3 4 |  4.1
Dodging        | 3 |  3.8
Conjurations   | 2 |  2.9
Spellcasting   | 4 |  4.4
Fire Magic     | 4 |  4.2

Action                   |  1- 3 |  4- 6 || total
-------------------------+-------+-------++-------
Melee: Unarmed           |    26 |       ||    26
       Hand axe          |    11 |    30 ||    41
 Cast: Flame Tongue      |    38 |    18 ||    56
       Throw Flame       |    12 |       ||    12
 Stab: Sleeping          |     2 |     1 ||     3
  Eat: Chunk             |     3 |       ||     3
       Ration            |     1 |     1 ||     2
Armor: Robe              |    17 |     6 ||    23
Dodge: Dodged            |    45 |    32 ||    77
